AoeStats
← Twityss

Black Forest

504199102Analyzed
2v2 RM · 27d ago on Sep 4, 2026· 61m 9s· 4 players
Game mode
Random Map
Map size
Medium (4 player)
Population
200
Speed
Normal
Resources
Standard
Victory
Conquest
Starting age
Dark Age
Ending age
Imperial Age
RankedLock teamsTeams togetherTeam positionsShared explorationLock speedFull tech treeHidden civsTurbo modeCheats
Victory
Defeat
🇨🇳 Japanese · China
551
+19
🇨🇳 Goths · China
525
+20
🇨🇿 Britons · Czechia
705
-23
🇨🇦 Franks · Canada
539
-16
FortifiedChicken
0:31 Loom
14:27 Feudal Age
15:40 Town Watch
15:43 Double-Bit Axe
15:57 Town Watch
15:58 Double-Bit Axe
17:27 Wheelbarrow
23:00 Castle Age
22:49 Fletching
24:08 Hand Cart
Matouš10CZ
0:50 Loom
10:50 Feudal Age
22:12 Castle Age
22:10 Double-Bit Axe
28:15 Horse Collar
28:49 Bow Saw
29:19 Wheelbarrow
29:10 Stone Mining
31:37 Hand Cart
31:17 Gold Mining
34:41 Gold Shaft Mining
35:25 Squires
35:11 Arson
35:45 Fletching
41:52 Imperial Age
38:55 Pikeman
40:27 Murder Holes
40:53 Ballistics
42:22 Padded Archer Armor
42:18 Bodkin Arrow
41:58 Halberdier
42:24 Elite Longbowman
44:43 Heavy Plow
44:27 Treadmill Crane
44:39 Heated Shot
46:24 Heavy Scorpion
49:55 Yeomen
50:01 Leather Archer Armor
49:46 Bracer
51:21 Hoardings
51:07 Conscription
51:51 Warwolf
54:39 Chemistry
54:05 Cavalier
54:47 Husbandry
比奇堡莽夫
3:17 Loom
11:11 Feudal Age
13:00 Double-Bit Axe
13:17 Horse Collar
13:06 Man-at-Arms
17:56 Gold Mining
20:30 Stone Mining
24:53 Castle Age
27:39 Squires
28:16 Bow Saw
28:07 Heavy Plow
30:42 Imperial Age
29:57 Forging
29:48 Scale Mail Armor
31:33 Anarchy
33:51 Iron Casting
33:32 Chain Mail Armor
35:11 Stone Shaft Mining
36:37 Crop Rotation
37:10 Two-Man Saw
36:38 Conscription
38:54 Blast Furnace
40:37 Wheelbarrow
39:29 Elite Huskarl
41:46 Hand Cart
41:36 Perfusion
43:28 Town Watch
45:55 Chemistry
48:39 Caravan
48:50 Guilds
49:12 Coinage
53:01 Pikeman
55:04 Halberdier
57:00 Capped Ram
Twityss
7:38 Loom
13:13 Feudal Age
13:16 Man-at-Arms
13:57 Double-Bit Axe
14:06 Gold Mining
18:24 Horse Collar
23:15 Castle Age
22:27 Scale Mail Armor
22:37 Forging
22:44 Arson
24:51 Wheelbarrow
24:34 Gambesons
24:10 Long Swordsman
24:52 Squires
25:15 Chain Mail Armor
26:22 Bow Saw
27:50 Hand Cart
27:26 Town Watch
27:39 Fletching
28:48 Town Patrol
29:39 Gold Shaft Mining
29:43 Heavy Plow
32:58 Iron Casting
37:21 Imperial Age
35:30 Bodkin Arrow
35:29 Stone Mining
41:50 Conscription
41:51 Kataparuto
40:54 Elite Samurai
40:56 Two-Handed Swordsman
42:07 Plate Mail Armor
42:38 Blast Furnace
41:39 Bracer
41:01 Capped Ram
42:13 Herbal Medicine
42:26 Champion
45:10 Two-Man Saw
47:06 Chemistry
46:27 Ballistics
45:48 Treadmill Crane
46:14 Siege Engineers
46:32 Ballistics
45:53 Treadmill Crane
Connection lost

Rejoining the realm…

Still unreachable

The connection could not be restored.

Session expired

The server has moved on; the page needs a fresh start.